 Dungeon Crawl Stone Soup version 0.27.1 (webtiles) character file.

Game seed: 7566473569956400097

1774 ZARRMARR the Insei (level 9, -2/73 HPs)
             Began as a Gnoll Monk on Aug 25, 2021.
             Slain by a gnoll sergeant (7 damage)
             ... on level 6 of the Dungeon.
             The game lasted 00:20:56 (6759 turns).

ZARRMARR the Insei (Gnoll Monk)                     Turns: 6759, Time: 00:20:57

Health: -2/73      AC: 12    Str: 13    XL:     9   Next: 7%
Magic:  14/14      EV: 12    Int: 10    God:
Gold:   383        SH:  0    Dex: 15    Spells: 15/15 levels left

rFire    . . .     SeeInvis .     - Unarmed
rCold    + . .     Faith    .   (no shield)
rNeg     . . .     Spirit   .   v - +1 scale mail {rC+}
rPois    .         Reflect  .   c - +2 helmet
rElec    .         Harm     .   a - +0 cloak
rCorr    .         Rampage  .   (no gloves)
Will     .....                  (no boots)
Stlth    ++........             (no amulet)
HPRegen  0.22/turn              (no ring)
MPRegen  0.14/turn              (no ring)

@: marked, hasted, very quick
A: fangs 1, strong nose, distributed training
a: no special abilities


You were on level 6 of the Dungeon.
You visited 1 branch of the dungeon, and saw 6 of its levels.

You collected 383 gold pieces.

Inventory:

Hand Weapons
 i - a +4 quarterstaff of chaos
Missiles
 f - 3 throwing nets
 p - 3 boomerangs of dispersal
 t - 5 boomerangs (quivered)
Armour
 a - a +0 cloak (worn)
 c - a +2 helmet (worn)
 s - a +1 ring mail of fire resistance
 v - a +1 scale mail of cold resistance (worn)
Wands
 r - a wand of flame (21)
Scrolls
 d - a scroll of blinking
 h - a scroll of noise {unknown}
 k - a scroll of fear
 l - a scroll of torment
 o - a scroll of amnesia
 q - a scroll of fog
Potions
 b - a potion of lignification {unknown}
 e - 2 potions of curing
 j - a potion of attraction {unknown}
 m - a potion of flight {unknown}
 n - a potion of haste
 u - a potion of invisibility {unknown}


   Skills:
 + Level 7.7 Fighting
 + Level 3.9 Short Blades
 + Level 3.9 Long Blades
 + Level 3.9 Axes
 + Level 3.9 Maces & Flails
 + Level 3.9 Polearms
 + Level 3.9 Staves
 + Level 3.9 Slings
 + Level 3.9 Bows
 + Level 3.9 Crossbows
 + Level 3.9 Throwing
 + Level 3.9 Armour
 + Level 7.7 Dodging
 + Level 5.8 Stealth
 + Level 3.9 Shields
 + Level 7.7 Unarmed Combat
 + Level 3.9 Spellcasting
 + Level 3.2 Conjurations
 + Level 3.2 Hexes
 + Level 3.2 Summonings
 + Level 3.2 Necromancy
 + Level 3.2 Translocations
 + Level 3.2 Transmutations
 + Level 3.2 Fire Magic
 + Level 3.2 Ice Magic
 + Level 3.2 Air Magic
 + Level 3.2 Earth Magic
 + Level 3.2 Poison Magic
 + Level 4.2 Invocations
 + Level 3.9 Evocations


You had 15 spell levels left.
You didn't know any spells.
Your spell library contained the following spells:

 Spells                   Type           Power      Damage    Failure   Level
 Magic Dart               Conj           32%        1d4       30%         1
 Sandblast                Erth           16%        2d6       30%         1
 Call Imp                 Summ           8%         N/A       41%         2
 Corpse Rot               Necr/Air       N/A        N/A       41%         2
 Passwall                 Tmut/Erth      6%         N/A       41%         2
 Poisonous Vapours        Pois/Air       16%        N/A       41%         2
 Gell's Gravitas          Tloc           4%         N/A       65%         3
 Mephitic Cloud           Conj/Pois/Air  8%         N/A       65%         3
 Teleport Other           Tloc           8%         N/A       65%         3
 Petrify                  Tmut/Erth      8%         N/A       96%         4
 Freezing Cloud           Conj/Ice/Air   4%         6-21      100%        5
 Lee's Rapid Deconstruct  Erth           4%         3d6*      100%        5
 Metabolic Englaciation   Hex/Ice        4%         N/A       100%        5
 Dispersal                Tloc           4%         N/A       100%        6
 Statue Form              Tmut/Erth      5%         N/A       100%        6


Dungeon Overview and Level Annotations

Branches:
Dungeon (6/15)
 Temple: D:4-7

Altars:
Ashenzari
Nemelex Xobeh

Shops:
D:4 **


Innate Abilities, Weirdness & Mutations

You have very sharp teeth.
Your uncanny sense of smell can sniff out nearby items.
Your experience applies equally to all skills.


Message History

The gnoll sergeant hits you with a +0 spear.
The gnoll barely misses you.
You hit the gnoll sergeant but do no damage.
Your punch misses the gnoll sergeant. Your bite misses the gnoll sergeant.
The gnoll sergeant is moderately wounded.
The bullfrog hits you but does no damage.
You punch the gnoll sergeant!
The gnoll sergeant is severely wounded.
The gnoll sergeant hits you with a +0 spear.
The gnoll hits you but does no damage.
The bullfrog hits you but does no damage.
You completely miss the gnoll sergeant.
The gnoll sergeant is severely wounded.
The bullfrog hits you! The gnoll sergeant closely misses you.
The gnoll hits you from afar with a +0 spear.
* * * LOW HITPOINT WARNING * * *
You hit the gnoll sergeant but do no damage.
The gnoll sergeant is severely wounded.
The bullfrog hits you but does no damage.
The gnoll sergeant hits you with a +0 spear.
* * * LOW HITPOINT WARNING * * *
The gnoll hits you but does no damage.
The bullfrog hits you but does no damage.
There are monsters nearby!
You feel yourself speed up. The bullfrog hits you!
* * * LOW HITPOINT WARNING * * *
The gnoll sergeant barely misses you. The gnoll closely misses you.
You hit the gnoll sergeant.
You punch the gnoll sergeant, but do no damage.
The gnoll sergeant is severely wounded.
The bullfrog barely misses you.
You hit the gnoll sergeant.
The gnoll sergeant is almost dead.
The gnoll hits you but does no damage.
The gnoll sergeant hits you with a +0 spear.
* * * LOW HITPOINT WARNING * * *
The bullfrog completely misses you.
The bullfrog hits you but does no damage.
The gnoll sergeant hits you from afar with a +0 spear!
You die...

.#### #..#.........
....#####..#############.
.##.##.....# ....(.
.##.##.##..# ../.#
..#.#..##..# ###..).#
....#.##...# #......#
......##.#.# ##.#g...#
.##...#..#.# ##...g.#
##....#....# #..@F..#
##.#.......###......#
#..#..##...#........#
#.##................#
#.##^.).............#
#.##..................
#.###............#...##
#.# ##.......###.......
#.####.##...#....##.### .


You could see a gnoll sergeant, a bullfrog and a gnoll.

Vanquished Creatures
  Grinder (D:4)
  A water moccasin (D:5)
  Duvessa (D:5)
  2 black bears (D:5)
  An ice beast (D:5)
  An ogre (D:5)
  2 phantoms (D:5)
  Dowan (D:5)
  A howler monkey (D:5)
  A bullfrog zombie (D:3)
  A centaur skeleton (D:4)
  3 orc priests
  2 hounds
  A gnoll shaman (D:5)
  Crazy Yiuf (D:5)
  A scorpion zombie (D:5)
  4 iguanas
  2 orc wizards
  A hound zombie (D:5)
  A hound skeleton (D:4)
  A howler monkey zombie (D:6)
  10 gnolls
  A howler monkey skeleton (D:4)
  7 adders
  A white imp (D:6)
  An ufetubus (D:5)
  2 worms
  2 dart slugs
  16 orcs
  7 endoplasms
  7 giant cockroaches
  8 goblins
  9 hobgoblins
  3 jackals (D:3)
  6 kobolds
  4 quokkas
  9 ball pythons
  10 bats
  5 frilled lizards
  4 rats
142 creatures vanquished.

Notes
Turn   | Place    | Note
-------+----------+-------------------------------------------
     0 | D:1      | ZARRMARR the Gnoll Monk began the quest for the Orb.
     0 | D:1      | Reached XP level 1. HP: 23/23 MP: 1/1
    80 | D:1      | Found a faded altar of an unknown god.
   122 | D:1      | Reached XP level 2. HP: 29/29 MP: 2/2
   492 | D:1      | Reached XP level 3. HP: 34/35 MP: 3/3
   889 | D:2      | Reached skill level 1 in Invocations
  1131 | D:2      | Reached skill level 1 in Short Blades
  1131 | D:2      | Reached skill level 1 in Long Blades
  1131 | D:2      | Reached skill level 1 in Axes
  1131 | D:2      | Reached skill level 1 in Maces & Flails
  1131 | D:2      | Reached skill level 1 in Polearms
  1131 | D:2      | Reached skill level 1 in Staves
  1131 | D:2      | Reached skill level 1 in Slings
  1131 | D:2      | Reached skill level 1 in Bows
  1131 | D:2      | Reached skill level 1 in Crossbows
  1131 | D:2      | Reached skill level 1 in Throwing
  1131 | D:2      | Reached skill level 1 in Armour
  1131 | D:2      | Reached skill level 1 in Shields
  1131 | D:2      | Reached skill level 1 in Spellcasting
  1131 | D:2      | Reached skill level 1 in Evocations
  1151 | D:2      | Reached XP level 4. HP: 38/41 MP: 5/5
  1964 | D:3      | Reached skill level 1 in Conjurations
  1964 | D:3      | Reached skill level 1 in Hexes
  1964 | D:3      | Reached skill level 1 in Summonings
  1964 | D:3      | Reached skill level 1 in Necromancy
  1964 | D:3      | Reached skill level 1 in Translocations
  1964 | D:3      | Reached skill level 1 in Transmutations
  1964 | D:3      | Reached skill level 1 in Fire Magic
  1964 | D:3      | Reached skill level 1 in Ice Magic
  1964 | D:3      | Reached skill level 1 in Air Magic
  1964 | D:3      | Reached skill level 1 in Earth Magic
  1964 | D:3      | Reached skill level 1 in Poison Magic
  2392 | D:3      | Reached XP level 5. HP: 28/47 MP: 5/7
  2855 | D:4      | Found Fena's Lightly-Used Armoury.
  2922 | D:4      | Reached XP level 6. HP: 53/53 MP: 8/8
  2957 | D:4      | Found Isedanif's Elemental Accessories.
  3689 | D:4      | Noticed Grinder
  3705 | D:4      | Killed Grinder
  3706 | D:4      | Reached XP level 7. HP: 60/60 MP: 10/10
  3856 | D:5      | Entered Level 5 of the Dungeon
  3881 | D:5      | Noticed Duvessa
  3881 | D:5      | Noticed Dowan
  3941 | D:5      | Killed Duvessa
  3942 | D:5      | Reached skill level 5 in Stealth
  3944 | D:5      | Killed Dowan
  4432 | D:5      | Reached XP level 8. HP: 56/67 MP: 12/12
  4718 | D:5      | Found a broken altar of Ashenzari.
  5284 | D:5      | Found a sparkling altar of Nemelex Xobeh.
  5537 | D:5      | Found a runed translucent door.
  5538 | D:5      | Noticed Crazy Yiuf
  5545 | D:5      | Killed Crazy Yiuf
  6397 | D:5      | Reached XP level 9. HP: 56/72 MP: 14/14
  6759 | D:6      | Slain by a gnoll sergeant

Illustrated notes

Levels and vault maps discovered:
D:1:      psy_arrival_whirlpool, layout_basic,
          shapermc_ecumenical_altar_totnotflames, hangedman_decor_slide_cut
D:2:      layout_basic, minmay_randomly_rotated_circles
D:3:      layout_basic
D:4:      layout_loops_cross, minmay_shop_damaged, nicolae_elemental_shop,
          uniq_grinder
D:5:      layout_loops_ring, mainiacjoe_overflow_big_doors,
          kennysheep_small_square, uniq_crazy_yiuf_cottage, uniq_duvessa
D:6:      layout_rooms, lemuel_coloured_pillars_altar, gammafunk_ghost_split,
          hangedman_glass_teeth

Skill      XL: |  1  2  3  4  5  6  7  8 |
---------------+-------------------------+-----
Invocations    | 1 2 3 4 |  4.2
Short Blades   | 1 2 3 |  3.9
Long Blades    | 1 2 3 |  3.9
Axes           | 1 2 3 |  3.9
Maces & Flails | 1 2 3 |  3.9
Polearms       | 1 2 3 |  3.9
Staves         | 1 2 3 |  3.9
Slings         | 1 2 3 |  3.9
Bows           | 1 2 3 |  3.9
Crossbows      | 1 2 3 |  3.9
Throwing       | 1 2 3 |  3.9
Armour         | 1 2 3 |  3.9
Shields        | 1 2 3 |  3.9
Spellcasting   | 1 2 3 |  3.9
Evocations     | 1 2 3 |  3.9
Conjurations   | 1 2 3 |  3.2
Hexes          | 1 2 3 |  3.2
Summonings     | 1 2 3 |  3.2
Necromancy     | 1 2 3 |  3.2
Translocations | 1 2 3 |  3.2
Transmutations | 1 2 3 |  3.2
Fire Magic     | 1 2 3 |  3.2
Ice Magic      | 1 2 3 |  3.2
Air Magic      | 1 2 3 |  3.2
Earth Magic    | 1 2 3 |  3.2
Poison Magic   | 1 2 3 |  3.2
Fighting       | 7 |  7.7
Dodging        | 7 |  7.7
Unarmed Combat | 7 |  7.7
Stealth        | 5 |  5.8

Action                   |  1- 3 |  4- 6 |  7- 9 || total
-------------------------+-------+-------+-------++-------
Melee: Unarmed           |    88 |   176 |   330 ||   594
       Bite              |     7 |    10 |    31 ||    48
       Punch             |     1 |     3 |    14 ||    18
Throw: Javelin           |       |     2 |     5 ||     7
       Boomerang         |       |       |     3 ||     3
  Use: Scroll            |     1 |     6 |     1 ||     8
       Potion            |       |     2 |     3 ||     5
 Stab: Sleeping          |     5 |    10 |     2 ||    17
       Distracted        |     1 |       |     1 ||     2
Armor: Leather armour    |    26 |    73 |     5 ||   104
       Ring mail         |       |       |    53 ||    53
       Scale mail        |       |       |    72 ||    72
Dodge: Dodged            |    87 |   143 |   222 ||   452
